 Dungeon Crawl Stone Soup version 0.19.5 (webtiles) character file.

194 Barra the Chopper (level 5, -4/47 HPs)
             Began as a Minotaur Berserker on Mar 30, 2017.
             Was a Believer of Trog.
             Slain by an ogre
             ... wielding a +0 giant club
              (14 damage)
             ... on level 4 of the Dungeon.
             The game lasted 00:04:04 (2080 turns).

Barra the Chopper (Minotaur Berserker)              Turns: 2080, Time: 00:04:05

Health: -4/47      AC: 11    Str: 23    XL:     5   Next: 44%
Magic:  4/4        EV:  7    Int:  4    God:    Trog [**....]
Gold:   104        SH:  0    Dex:  9    Spells: 0 memorised, 4 levels left

rFire  . . .     SeeInvis .     o - +0 war axe
rCold  . . .     Gourm    .     l - +0 plate armour
rNeg   . . .     Faith    .     (no shield)
rPois  .         Spirit   .     (helmet restricted)
rElec  .         Reflect  .     (no cloak)
rCorr  .         Harm     .     (no gloves)
MR     .....                    (no boots)
Stlth  ..........               (no amulet)
                                (no ring)
                                (no ring)

@: no status effects
A: retaliatory headbutt, horns 2
a: Berserk, Trog's Hand, Burn Spellbooks, Renounce Religion


You were on level 4 of the Dungeon.
You worshipped Trog.
Trog was pleased with you.
You were very hungry.

You visited 1 branch of the dungeon, and saw 4 of its levels.

You collected 104 gold pieces.

Inventory:

Hand Weapons
 o - a +0 war axe (weapon)
Missiles
 g - 9 tomahawks (quivered)
Armour
 l - a +0 plate armour (worn)
Scrolls
 b - 2 scrolls of fear {unknown}
 d - 3 scrolls of teleportation {unknown}
 e - a scroll of recharging {unknown}
 j - a scroll of noise {unknown}
Potions
 f - 3 potions of lignification {unknown}
 h - a potion of curing {unknown}
 i - 2 potions of mutation {unknown}
 m - 2 potions of resistance {unknown}
 n - a potion of agility {unknown}
Comestibles
 a - 2 beef jerkies
 c - a bread ration
 k - a meat ration


   Skills:
 + Level 4.8 Fighting
 + Level 5.5 Axes
 + Level 0.6 Throwing
 + Level 3.2 Armour
 + Level 3.1 Dodging
 - Level 0.5 Stealth


You had 4 spell levels left.
You didn't know any spells.

Dungeon Overview and Level Annotations

Branches:
Dungeon (4/15)
 Temple: D:4-7

Altars:


Innate Abilities, Weirdness & Mutations

You reflexively headbutt those who attack you in melee.
You have a pair of horns on your head.


Message History

No target in view!
No target in view!
No target in view!
No target in view!
Unknown command.
You closely miss the ogre. The ogre hits you with a giant club.
You are feeling very hungry.
You barely miss the ogre. The ogre hits you with a giant club!!
You hit the ogre.
The ogre is lightly wounded.
The ogre barely misses you. You furiously retaliate!
You headbutt the ogre!
Your plate armour prevents you from hitting the ogre.
Your headbutt misses the ogre.
The ogre is moderately wounded.
The ogre hits you with a giant club!
* * * LOW HITPOINT WARNING * * *
You are too injured to fight recklessly!
You are too injured to fight recklessly!
The ogre hits you with a giant club!
You die...

#.# ######.#
...##.#
#####.##.######
#..#..<#.........#
..........#.####.##
.#..###.#.#......#
#. #.#.#####..#
..#.##...@.#
...#.##.##O##
###.#.## ... ..#..
....# ## ## .....#
#######


You could see an ogre.

Vanquished Creatures
  A centaur (D:3)
  An adder (D:3)
  4 gnolls (D:3)
  An ooze (D:2)
  A worm (D:2)
  A dart slug (D:2)
  A leopard gecko (D:3)
  5 orcs (D:3)
  6 giant cockroaches
  4 goblins
  6 hobgoblins
  3 quokkas
  4 bats
  2 frilled lizards
  9 kobolds
  5 rats
54 creatures vanquished.

Notes
Turn   | Place    | Note
-------+----------+-------------------------------------------
     0 | D:1      | Barra the Minotaur Berserker began the quest for the Orb.
     0 | D:1      | Reached XP level 1. HP: 19/19 MP: 0/0
   206 | D:1      | Reached skill level 4 in Axes
   218 | D:1      | Reached XP level 2. HP: 21/27 MP: 1/1
   717 | D:2      | Found a faded altar of an unknown god.
   939 | D:2      | Reached XP level 3. HP: 33/33 MP: 2/2
  1211 | D:3      | Noticed a centaur
  1216 | D:3      | Killed a centaur
  1216 | D:3      | Reached skill level 5 in Axes
  1216 | D:3      | Reached XP level 4. HP: 21/41 MP: 3/3
  1223 | D:3      | Reached ** piety under Trog
  1592 | D:3      | Reached XP level 5. HP: 44/47 MP: 4/4
  2072 | D:4      | Noticed an ogre
  2080 | D:4      | Slain by an ogre

Skill      XL: |  1  2  3  4  5 |
---------------+----------------+-----
Axes           | 4 5 |  5.5
Fighting       | 4 |  4.8
Dodging        | 3 |  3.1
Armour         | 3 |  3.2
Throwing       | |  0.6
Stealth        | |  0.5

Action                   |  1- 3 |  4- 6 || total
-------------------------+-------+-------++-------
Melee: Hand axe          |    55 |    61 ||   116
       Headbutt          |    10 |     6 ||    16
       War axe           |       |    14 ||    14
Throw: Tomahawk          |     3 |     7 ||    10
Invok: Trog's Hand       |       |     1 ||     1
       Berserk           |       |     1 ||     1
  Eat: Chunk             |       |     4 ||     4
Armor: Animal skin       |    10 |       ||    10
       Plate armour      |    11 |    61 ||    72
Dodge: Dodged            |    35 |    27 ||    62
